 Dungeon Crawl Stone Soup version 0.30-b1-2-g02819fbbbe (webtiles) character file.

Game seed: 8700443087427694526

29 Alarkh the Charlatan (level 3, 28/28 HPs)
             Began as a Demonspawn Artificer on Nov 22, 2023.
             Got out of the dungeon alive.
             The game lasted 00:00:49 (770 turns).

Alarkh the Charlatan (Demonspawn Artificer)          Turns: 770, Time: 00:00:49

Health: 28/28      AC:  3    Str: 12    XL:     3   Next: 1%
Magic:  3/3        EV: 11    Int: 14    God:
Gold:   59         SH:  4    Dex: 13    Spells: 2/2 levels left

rFire   . . .        a - +2 dagger (elec)
rCold   . . .        (no shield)
rNeg    . . .        b - +0 leather armour
rPois   .            (no helmet)
rElec   .            (no cloak)
rCorr   .            (no gloves)
SInv    .            (no boots)
Will    .....        (no amulet)
Stlth   +            (no ring)
HPRegen 0.24/turn    (no ring)
MPRegen 0.08/turn

%: no passive effects
@: no status effects
A: claws 1, large bone plates 1
a: no special abilities


You escaped.
You visited 1 branch of the dungeon, and saw 1 of its levels.

You collected 59 gold pieces.

Inventory:

Hand Weapons
 a - a +2 dagger of electrocution (weapon)
 g - a +0 club
Armour
 b - a +0 leather armour (worn)
Wands
 c - a wand of flame (10) (quivered)
 d - a wand of charming (15)
 e - a wand of iceblast (5)
Scrolls
 i - a scroll of teleportation {unknown}
 j - a scroll of fog {unknown}
 k - a scroll of poison {unknown}
Potions
 f - a potion of curing {unknown}
 h - a potion of resistance {unknown}


   Skills:
 + Level 2.4 Fighting
 - Level 1.7 Armour
 - Level 0.8 Dodging
 - Level 0.8 Stealth
 * Level 1.3 Unarmed Combat
 - Level 3.0 Evocations


You had 2 spell levels left.
You didn't know any spells.
Your spell library was empty.

Dungeon Overview and Level Annotations

Branches:
Dungeon (1/15)

Altars:


Innate Abilities, Weirdness & Mutations

You have sharp fingernails.
You are partially covered in large bone plates. (SH +4)


Message History

No target in view!
Things that are here:
a +0 whip; a kobold corpse An endoplasm comes into view.
Found a scroll labelled JOYKKU ZEISM.
An endoplasm is nearby!
An endoplasm is nearby!
An endoplasm is nearby!
The helpless endoplasm fails to defend itself.
You hit the endoplasm.
The endoplasm is almost dead.
The endoplasm freezes you.
You are frozen.
You hit the endoplasm.
You kill the endoplasm!
You have reached level 3!
Your experience leads to an increase in your attributes!
Increase (S)trength, (I)ntelligence, or (D)exterity?
You feel clever. x2; Your demonic ancestry asserts itself...
Large bone plates grow over parts of your arms.
k - a scroll labelled JOYKKU ZEISM A rat comes into view.
A rat is nearby!
A rat is nearby!
You hit the rat but do no damage. You block the rat's attack.
You hit the rat.
You kill the rat!
No target in view!
No target in view!
You see here a rat corpse.
Things that are here:
a +1 whip of draining; 4 stones You see here 4 poisoned darts.
Key pressed, stopping travel.
You can't go up here!
(D) Dungeon
Where to? (Enter - D:1 @ (x,y), ? - help)
There is a staircase leading out of the dungeon here.
Are you sure you want to leave the Dungeon?
This will make you lose the game!
You have escaped!

.######>.## #..########..
......#..# #..### #.#
.####.#..############....#
#.# .# #.#................#.#
#.# .# #.#.###............#.#
#.# .#
#.#.....#########..#.######.#
.#
#.#####............#.##......
## #.#
#............#.##.##..#
#####.# #.....@.......#.#
#### ....).#
#...........##.## # ##.####
##...........##.##### # #.#
#..#########.##.....#### ##†#
#............########.# ...#
#...#.######## #.# #..#
##....# #.# #..# ####.# #.#
#..# #.# #.#


There were no monsters in sight!

Vanquished Creatures
  A dart slug (D:1)
  3 ball pythons (D:1)
  3 endoplasms (D:1)
  A giant cockroach (D:1)
  2 goblins (D:1)
  4 hobgoblins (D:1)
  4 kobolds (D:1)
  A quokka (D:1)
  2 bats (D:1)
  2 rats (D:1)
23 creatures vanquished.

Notes
Turn   | Place    | Note
-------+----------+-------------------------------------------
     0 | D:1      | Alarkh the Demonspawn Artificer began the quest for the
                  | Orb.
     0 | D:1      | Reached XP level 1. HP: 15/15 MP: 1/1
   164 | D:1      | Gained mutation: You have sharp fingernails. [demonic
                  | ancestry]
   164 | D:1      | Reached XP level 2. HP: 9/21 MP: 2/2
   375 | D:1      | Reached skill level 1 in Unarmed Combat
   678 | D:1      | Gained mutation: You are partially covered in large bone
                  | plates. (SH +4) [demonic ancestry]
   678 | D:1      | Reached XP level 3. HP: 25/28 MP: 3/3
   770 | D:$      | Got out of the dungeon alive.

Illustrated notes

Levels and vault maps discovered:
D:1:      minmay_arrival_semitransparent, layout_loops_ring, amethyst_killhole

Skill      XL: |  1  2 |
---------------+-------+-----
Fighting       | 2 |  2.4
Unarmed Combat | 1 |  1.3
Armour         | |  1.7
Dodging        | |  0.8
Stealth        | |  0.8
Evocations     | |  3.0

Action                     || total
---------------------------++-------
  Melee: Club              ||    14
         Dagger            ||    44
  Evoke: Wand              ||     5
   Stab: Sleeping          ||     2
 Armour: Leather armour    ||    11
  Dodge: Dodged            ||    33
  Block: Other             ||     1
